 Dungeon Crawl Stone Soup version 0.21-a0-346-g330ab2c (webtiles) character file.

82879 Gruud the Brawler (level 15, -18/117 HPs)
             Began as a Demonspawn Gladiator on Oct 4, 2017.
             Was the Champion of Makhleb.
             Demolished by an orc warlord
             ... wielding a +2 great mace of holy wrath
              (28 damage)
             ... on level 2 of the Orcish Mines on Oct 5, 2017.
             The game lasted 01:33:28 (22866 turns).

Gruud the Brawler (Demonspawn Gladiator)           Turns: 22866, Time: 01:33:29

Health: -18/117    AC: 13    Str: 17    XL:     15   Next: 30%
Magic:  0/25       EV: 19    Int: 10    God:    Makhleb [******]
Gold:   1513       SH:  0    Dex: 16    Spells: 3/14 levels left

rFire    + . .     SeeInvis .     - Unarmed
rCold    . . .     Gourm    .   (no shield)
rNeg     . . .     Faith    +   k - +5 ring mail {rPois}
rPois    +         Spirit   +   (helmet unavailable)
rElec    .         Reflect  .   u - +2 cloak
rCorr    .         Harm     .   (no gloves)
MR       +++..     Clarity  +   (boots unavailable)
Stlth    ++........             E - amulet of faith
HPRegen  0.00/turn              t - ring of protection from fire
MPRegen  0.19/turn              X - ring "Gihier" {Wiz +Inv MR+ Str-2}

@: singing
A: claws 2, hooves 3, horns 3, blurry vision 3, clarity, magic resistance 1,
nightstalker 2, robust 1, inhibited regeneration, evolution 1, augmentation 1,
magic shield, no potion heal 1, MP-powered wands
a: Minor Destruction, Lesser Servant of Makhleb, Major Destruction, Greater
Servant of Makhleb, Renounce Religion, Evoke Invisibility


You were on level 2 of the Orcish Mines.
You worshipped Makhleb.
Makhleb was exalted by your worship.
You were not hungry.

You visited 4 branches of the dungeon, and saw 24 of its levels.
You also visited: Labyrinth.

You collected 2043 gold pieces.
You spent 530 gold pieces at shops.

Inventory:

Hand Weapons
 o - the +12 falchion of the Candelabrum {slice, rF+ rC+ MP+9}
   (You took it off an orc on level 10 of the Dungeon)

   It inflicts extra damage upon your enemies.
   It protects you from fire.
   It protects you from cold.
   It affects your magic capacity (+9).
 F - the +6 rapier of Ruination {venom, rC+ Str+3}
   (You found it on level 14 of the Dungeon)

   It poisons the flesh of those it strikes.
   It affects your strength (+3).
   It protects you from cold.
 I - a +6 whip of electrocution
Missiles
 d - a throwing net (quivered)
Armour
 k - a +5 ring mail of poison resistance (worn)
 u - a +2 cloak (worn)
 B - a +3 ring mail of cold resistance
 N - a +0 troll leather armour
Magical Staves
 b - an uncursed staff of wizardry
Jewellery
 t - a ring of protection from fire (left claw)
 v - an uncursed ring of see invisible
 z - an uncursed ring of protection from magic
 E - an amulet of faith (around neck)
 R - an uncursed ring of protection from cold
 T - an uncursed ring of poison resistance
 W - an uncursed ring of positive energy
 X - the ring "Gihier" (right claw) {Wiz +Inv MR+ Str-2}
   (You found it on level 13 of the Dungeon)

   [ring of wizardry]

   It improves your spell success rate.
   It affects your strength (-2).
   It affects your resistance to hostile enchantments.
   It lets you turn invisible.
Wands
 e - a wand of confusion (41/48)
 l - a wand of lightning (4/15)
 s - a wand of lightning (10/15)
 J - a wand of acid (2/15)
 L - a wand of paralysis (13/24)
 M - a wand of digging (15/24)
 S - a wand of acid (4/15)
Scrolls
 a - 3 scrolls of summoning
 g - 3 scrolls of recharging
 h - 13 scrolls of remove curse
 n - 5 scrolls of fear
 p - 10 scrolls of teleportation
 y - 4 scrolls of blinking
 H - 4 scrolls of magic mapping
 Q - a scroll of identify
 U - 3 scrolls of amnesia
 Z - a scroll of fog
Potions
 c - a potion of magic
 i - 6 potions of curing
 j - 3 potions of cancellation
 q - a potion of haste
 w - a potion of flight
 A - 4 potions of brilliance
 C - 5 potions of lignification
 G - 2 potions of might
 P - 2 potions of ambrosia
 V - a potion of berserk rage
 Y - a potion of agility
Miscellaneous
 x - 2 phantom mirrors
 D - a box of beasts
 O - a sack of spiders
Comestibles
 f - 10 bread rations
 m - 13 meat rations
 r - 15 royal jellies
 K - 3 chunks of flesh


   Skills:
 + Level 6.7 Fighting
 - Level 3.5 Long Blades
 - Level 1.7 Throwing
 + Level 12.3 Dodging
 * Level 16.1 Unarmed Combat
 - Level 9.0 Charms
 + Level 13.8 Invocations


You had 3 spell levels left.
You knew the following spells:

 Your Spells              Type           Power        Failure   Level  Hunger
a - Blink                 Tloc           N/A          38%         2    ###....
b - Song of Slaying       Chrm           ###.....     1%          2    ###....
c - Regeneration          Chrm/Necr      #.........   13%         3    ####...
d - Shroud of Golubria    Chrm/Tloc      #.........   7%          2    ###....
e - Swiftness             Chrm/Air       #.......     7%          2    ###....


Dungeon Overview and Level Annotations

Branches:
Dungeon (15/15)            Temple (1/1) D:6            Lair (6/6) D:8
 Shoals (0/4) Lair:2        Snake (0/4) Lair:2        Slime (0/5) Lair:6
    Orc (2/2) D:10            Elf (0/3) Orc:2        Vaults (0/5) D:14
 Depths: D:15

Altars:
Ashenzari
Cheibriados
Dithmenos
Elyvilon
Fedhas
Gozag
Hepliaklqana
Kikubaaqudgha
Makhleb
Nemelex Xobeh
Okawaru
Qazlal
Ru
Sif Muna
Trog
Uskayaw
Vehumet
Wu Jian
Xom
Yredelemnul
Zin
The Shining One
Beogh

Shops:
D:5 *   D:6 %   D:10 (   Orc:2 [

Annotations:
D:14 exclusion: 2 oklob plants
Lair:2 exclusion: oklob plant


Innate Abilities, Weirdness & Mutations

You have very sharp fingernails.
You have hooves in place of feet.
You have a pair of large horns on your head.
You are significantly more attuned to the shadows.
Your magical and physical power is slightly enhanced at high health.
When hurt, damage is shared between your health and your magic reserves.
Scrolls take you much longer to read.
You possess an exceptional clarity of mind.
You are resistant to hostile enchantments. (MR+)
You are robust. (+10% HP)
You do not regenerate when monsters are visible.
You evolve.
Potions are less effective at restoring your health.
You expend magic power (3 MP) to strengthen your wands.


Message History

You kick the orc warlord, but do no damage.
Your claw misses the orc warlord.
The orc warlord is heavily wounded.
You claw the orc warlord! You kick the orc warlord.
The orc warlord is severely wounded.
The orc warlord hits you with a great mace of holy wrath!!
* * * LOW HITPOINT WARNING * * *
You convulse.
* * * LOW HITPOINT WARNING * * *
Unknown command.
You scratch the orc warlord but do no damage.
You headbutt the orc warlord.
The orc warlord is severely wounded.
Throwing (i - inventory):
d - 2 throwing nets (quivered)
Press: ? - help, Shift-Dir - straight line, f - orc warlord
Aim: an orc warlord, wielding a great mace of holy wrath and wearing a plate armour (severely wounded, unusually strong)
You throw a throwing net.
The throwing net barely misses the orc warlord.
The orc warlord hits you with a great mace of holy wrath!!
You die...

## #.#### ### ### ###
#@#.# ##.####.####.####o#
#...#....##...##.##
#.........#..##.##
.............#.##
#.....#......o## ##
.........#..o## ##.###.
#........#...o###.....#.
...#..........o#.........


You could see an orc warlord.

Vanquished Creatures
  A stone giant (Orc:2)
  Azrael (Orc:2)
  A minotaur (Lab)
  4 vault guards (D:14)
  4 hydras
  Erolcha (Orc:2)
  3 centaur warriors
  5 two-headed ogres
  A tengu warrior (D:14)
  2 orc high priests (Orc:2)
  Nergalle (Lair:3)
  5 unseen horrors
  A lindwurm (Lair:3)
  A harpy (shapeshifter) (D:14)
  5 orc knights
  5 orc sorcerers
  2 deep elf magi (D:14)
  11 ugly things
  6 elephants (Lair:6)
  4 cyclopes
  2 manticores
  13 spiny frogs
  4 black mambas
  3 gargoyles
  5 komodo dragons
  An efreet (D:14)
  A kobold demonologist (D:13)
  4 demonic crawlers (D:14)
  4 polar bears
  9 trolls
  6 hornets
  A tengu conjurer (D:14)
  4 blink frogs (Lair:6)
  7 dream sheep (Lair:4)
  8 slime creatures
  11 hippogriffs
  2 redbacks (Lab)
  11 spriggans (Lair:6)
  Eustachio (D:4)
  A tarantella (shapeshifter) (D:13)
  A spriggan (shapeshifter) (D:14)
  2 wraiths
  15 yaks
  3 wyverns
  8 basilisks
  3 fire elementals (Orc:2)
  2 steam dragons
  Grum (D:9)
  5 hungry ghosts
  Edmund (D:6)
  4 wargs
  A soldier ant (D:8)
  An acid dragon (D:14)
  2 hell hounds (Orc:2)
  15 water moccasins
  6 porcupines
  24 orc warriors
  5 ice beasts
  7 sky beasts
  4 black bears
  4 boggarts (Lair:6)
  2 phantoms
  17 ogres
  21 wolves
  16 centaurs
  A crocodile (shapeshifter) (D:14)
  11 crocodiles
  8 bullfrogs
  4 big kobolds
  3 small abominations (D:14)
  4 scorpions
  9 killer bees
  5 wights (D:7)
  5 howler monkeys
  2 electric eels (D:11)
  A bullfrog zombie (D:12)
  11 crimson imps
  3 quasits
  3 centaur skeletons
  15 jellies
  10 hounds
  A bullfrog skeleton (D:13)
  25 orc priests
  29 orc wizards
  5 iguanas
  Natasha (D:2)
  22 worker ants
  2 hound skeletons
  A howler monkey skeleton (D:9)
  A worker ant zombie (D:8)
  14 gnolls
  16 adders
  5 shadow imps
  2 adder skeletons
  An adder zombie (D:10)
  2 worms (D:3)
  2 dart slugs (D:1)
  6 leopard geckos
  98 orcs
  A ball python (D:2)
  5 giant cockroaches
  4 goblins
  7 hobgoblins
  18 jackals
  20 kobolds
  4 quokkas
  8 bats
  5 frilled lizards
  A leopard gecko skeleton (D:6)
  A quokka zombie (D:5)
  6 rats
  2 plants (Lair:1)
742 creatures vanquished.

Vanquished Creatures (collateral kills)
  Gastronok (Lair:3)
  3 hydras
  An orc high priest (Orc:1)
  A glowing orange brain (D:14)
  An orc knight (D:14)
  A cyclops (D:14)
  A centaur zombie (D:14)
  A gargoyle (D:10)
  A spiny frog (Lair:6)
  2 rime drakes (Lair:3)
  A komodo dragon (Lair:6)
  A troll (D:14)
  2 spriggans (Lair:6)
  A yak (Lair:5)
  A hell hound (Orc:2)
  A floating eye (D:14)
  An orc warrior (Orc:1)
  An ice beast (D:14)
  A phantom (D:10)
  A wolf (Lair:6)
  A howler monkey (D:10)
  2 jellies (Lair:6)
  An orc priest (Orc:2)
  An ooze (Lair:6)
  2 orcs (Orc:1)
  A butterfly (Lair:5)
  A fungus (Lair:3)
33 creatures vanquished.

Vanquished Creatures (others)
  5 fungi
  A plant (Lair:4)
6 creatures vanquished.

Grand Total: 781 creatures vanquished

Notes
Turn   | Place    | Note
-------+----------+-------------------------------------------
     0 | D:1      | Gruud the Demonspawn Gladiator began the quest for the Orb.
     0 | D:1      | Reached XP level 1. HP: 16/16 MP: 1/1
   181 | D:1      | Gained mutation: You are slightly more attuned to the shadows. [demonic ancestry]
   181 | D:1      | Reached XP level 2. HP: 22/22 MP: 2/2
   690 | D:2      | Noticed Natasha
   693 | D:2      | Gained mutation: You have sharp fingernails. [demonic ancestry]
   693 | D:2      | Reached XP level 3. HP: 27/27 MP: 3/3
   714 | D:2      | Killed Natasha
   714 | D:2      | Reached skill level 1 in Unarmed Combat
  1301 | D:2      | Gained mutation: You have a pair of small horns on your head. [demonic ancestry]
  1301 | D:2      | Reached XP level 4. HP: 33/33 MP: 4/4
  1655 | D:3      | Found a basalt altar of Yredelemnul.
  1655 | D:3      | Found a stormy altar of Qazlal.
  1744 | D:3      | Reached skill level 2 in Unarmed Combat
  2152 | D:3      | Gained mutation: You have large cloven feet. [demonic ancestry]
  2152 | D:3      | Reached XP level 5. HP: 25/38 MP: 5/5
  2161 | D:3      | Found an iron altar of Okawaru.
  2616 | D:4      | Reached skill level 3 in Unarmed Combat
  2721 | D:4      | Found a sparkling altar of Nemelex Xobeh.
  2745 | D:4      | Noticed Eustachio
  2756 | D:4      | Gained mutation: You have hoof-like feet. [demonic ancestry]
  2756 | D:4      | Reached XP level 6. HP: 29/44 MP: 6/6
  2784 | D:4      | Reached skill level 4 in Unarmed Combat
  2822 | D:5      | Entered Level 5 of the Dungeon
  3009 | D:4      | Killed Eustachio
  3009 | D:4      | Reached skill level 5 in Unarmed Combat
  3009 | D:4      | Gained mutation: You have hooves in place of feet. [demonic ancestry]
  3009 | D:4      | Reached XP level 7. HP: 31/50 MP: 7/7
  3283 | D:4      | Found a blossoming altar of Fedhas.
  3339 | D:4      | Reached skill level 5 in Dodging
  3573 | D:5      | Found Jatzogg's Assorted Antiques.
  3581 | D:5      | Bought a smoky blue potion for 23 gold pieces
  3581 | D:5      | Bought a scroll of fear for 91 gold pieces
  3662 | D:5      | Reached skill level 6 in Unarmed Combat
  3705 | D:5      | Found a glowing golden altar of the Shining One.
  3742 | D:5      | Gained mutation: You have very sharp fingernails. [demonic ancestry]
  3742 | D:5      | Reached XP level 8. HP: 40/56 MP: 8/8
  4263 | D:5      | Reached skill level 7 in Unarmed Combat
  4529 | D:5      | Gained mutation: Your muscles are strong. (Str +2) [mutagenic meat]
  4530 | D:5      | Gained mutation: Potions are less effective at restoring your health. [mutagenic meat]
  4531 | D:5      | Gained mutation: You evolve. [mutagenic meat]
  4532 | D:5      | Gained mutation: Your spells are a little easier to cast, but a little less powerful. [mutagenic meat]
  4533 | D:5      | Gained mutation: You possess an exceptional clarity of mind. [mutagenic meat]
  4534 | D:5      | Gained mutation: You do not regenerate when monsters are visible. [mutagenic meat]
  4576 | D:5      | Reached skill level 8 in Unarmed Combat
  4882 | D:6      | Gained mutation: You have a pair of horns on your head. [demonic ancestry]
  4882 | D:6      | Reached XP level 9. HP: 55/61 MP: 9/9
  4953 | D:6      | Found Ripn's Food Shoppe.
  4974 | D:6      | Noticed Edmund
  4988 | D:6      | Killed Edmund
  5016 | D:6      | Found a staircase to the Ecumenical Temple.
  5027 | Temple   | Entered the Ecumenical Temple
  5034 | Temple   | Became a worshipper of Makhleb the Destroyer
  5280 | D:7      | Reached skill level 1 in Invocations
  5569 | D:7      | Reached skill level 9 in Unarmed Combat
  6054 | D:7      | Found a shimmering altar of Xom.
  6055 | D:7      | Found a shimmering altar of Xom.
  6055 | D:7      | Found a shimmering altar of Xom.
  6181 | D:7      | Found a shimmering altar of Xom.
  6181 | D:7      | Found a shimmering altar of Xom.
  6183 | D:7      | Found a shimmering altar of Xom.
  6184 | D:7      | Found a shimmering altar of Xom.
  6206 | D:7      | Reached * piety under Makhleb
  6607 | D:7      | Noticed an orb spider
  6607 | D:7      | a spriggan changed into an orb spider
  6609 | D:7      | Noticed a yaktaur
  6609 | D:7      | an orb spider changed into a yaktaur
  6670 | D:7      | Found a deep blue altar of Sif Muna.
  6732 | D:8      | Noticed a two-headed ogre
  6795 | D:8      | Found a hide-covered altar of Uskayaw.
  6915 | D:8      | Reached skill level 10 in Unarmed Combat
  6920 | D:8      | Gained mutation: When hurt, damage is shared between your health and your magic reserves. [demonic ancestry]
  6920 | D:8      | Reached XP level 10. HP: 51/67 MP: 13/13
  7008 | D:8      | Reached skill level 5 in Invocations
  7012 | D:8      | Reached ** piety under Makhleb
  7296 | D:8      | Found a staircase to the Lair.
  7400 | D:8      | Killed a two-headed ogre
  8043 | D:9      | Noticed Grum
  8060 | D:9      | Killed Grum
  8144 | D:9      | Got an encrusted falchion
  8156 | D:9      | Reached *** piety under Makhleb
  8173 | D:9      | Identified the +4 falchion of Change {slice, rPois MR+} (You found it on level 9 of the Dungeon)
  8204 | D:9      | Reached skill level 11 in Unarmed Combat
  8445 | D:9      | Noticed an unseen horror
  8450 | D:9      | Killed an unseen horror
  8488 | D:10     | Entered Level 10 of the Dungeon
  8592 | D:10     | Noticed a two-headed ogre
  8599 | D:10     | Killed a two-headed ogre
  8609 | D:10     | Reached XP level 11. HP: 36/72 MP: 7/16
  8977 | D:10     | Gained mutation: Scrolls take you a little longer to read. [mutagenic meat]
  8981 | D:10     | Noticed a two-headed ogre
  8986 | D:10     | Killed a two-headed ogre
  8999 | D:10     | Noticed an unseen horror
  9001 | D:10     | Killed an unseen horror
  9123 | D:10     | Reached skill level 12 in Unarmed Combat
  9125 | D:10     | Reached **** piety under Makhleb
  9607 | D:10     | Got a fine falchion {slice}
  9608 | D:10     | Identified the +12 falchion of the Candelabrum {slice, rF+ rC+ MP+9} (You took it off an orc on level 10 of the Dungeon)
  9750 | D:10     | Gained mutation: Your body sometimes deteriorates upon taking damage. [mutagenic meat]
  9753 | D:10     | Gained mutation: Scrolls take you longer to read. [mutagenic meat]
  9794 | D:10     | Found a staircase to the Orcish Mines.
  9831 | D:10     | Learned a level 2 spell: Blink
  9886 | D:10     | Found Qaur's Antique Weapon Emporium.
  9915 | D:10     | Found a roughly hewn altar of Beogh.
  9935 | D:10     | Found a blossoming altar of Fedhas.
  9969 | D:10     | Noticed a two-headed ogre
  9977 | D:10     | Killed a two-headed ogre
 10061 | D:10     | Noticed an unseen horror
 10068 | D:10     | Killed an unseen horror
 10500 | D:5      | Bought a leatherbound book for 390 gold pieces
 10500 | D:5      | Bought a scroll labeled UTSOOM WOMPER for 26 gold pieces
 10503 | D:5      | Learned a level 2 spell: Song of Slaying
 10507 | D:5      | Learned a level 3 spell: Regeneration
 10510 | D:5      | Learned a level 2 spell: Shroud of Golubria
 10630 | Lair:1   | Entered Level 1 of the Lair of Beasts
 11579 | Lair:1   | Reached skill level 10 in Invocations
 11583 | Lair:1   | Reached skill level 10 in Dodging
 11887 | Lair:2   | Noticed a five-headed hydra
 11898 | Lair:2   | Killed a five-headed hydra
 11898 | Lair:2   | Reached skill level 13 in Unarmed Combat
 11898 | Lair:2   | Gained mutation: You are significantly more attuned to the shadows. [demonic ancestry]
 11898 | Lair:2   | Reached XP level 12. HP: 56/78 MP: 16/19
 12125 | Lair:2   | Found a staircase to the Snake Pit.
 12490 | Lair:2   | Found a staircase to the Shoals.
 12831 | Lair:3   | Reached skill level 1 in Charms
 12920 | Lair:3   | Noticed Gastronok
 12933 | Lair:3   | Killed Gastronok
 13471 | Lair:3   | Noticed Nergalle
 13480 | Lair:3   | Killed Nergalle
 14154 | Lair:4   | Noticed a six-headed hydra
 14158 | Lair:4   | Killed a six-headed hydra
 14883 | Lair:5   | Found a labyrinth entrance.
 14944 | Lab      | Entered a labyrinth
 15142 | Lab      | Noticed a minotaur
 15149 | Lab      | Killed a minotaur
 15258 | Lair:5   | Reached skill level 5 in Charms
 15258 | Lair:5   | Gained mutation: You have a pair of large horns on your head. [demonic ancestry]
 15258 | Lair:5   | Reached XP level 13. HP: 83/83 MP: 21/21
 15606 | Lair:5   | Reached skill level 14 in Unarmed Combat
 15945 | Lair:6   | Entered Level 6 of the Lair of Beasts
 16461 | Lair:6   | Reached ***** piety under Makhleb
 16880 | Lair:6   | Found a staircase to the Slime Pits.
 17502 | Lair:6   | Upgraded the game from 0.21-a0-344-g2144152 to 0.21-a0-346-g330ab2c
 18159 | D:11     | Lost mutation: Your spells are a little easier to cast, but a little less powerful. [mutagenic meat]
 18161 | D:11     | Gained mutation: You are robust. (+10% HP) [mutagenic meat]
 18162 | D:11     | Lost mutation: Your body sometimes deteriorates upon taking damage. [mutagenic meat]
 18163 | D:11     | Gained mutation: You are resistant to hostile enchantments. (MR+) [mutagenic meat]
 18164 | D:11     | Gained mutation: Your magical capacity is low. (-10% MP) [mutagenic meat]
 18356 | D:11     | Gained mutation: You are very robust. (+20% HP) [evolution]
 18382 | D:12     | Gained mutation: Your magical and physical power is slightly enhanced at high health. [demonic ancestry]
 18382 | D:12     | Reached XP level 14. HP: 112/112 MP: 20/20
 18547 | D:12     | Reached ****** piety under Makhleb
 18788 | D:12     | Gained mutation: Scrolls take you much longer to read. [mutagenic meat]
 19145 | D:13     | Reached skill level 15 in Unarmed Combat
 19628 | D:13     | Got a pitted silver ring
 19632 | D:13     | Identified the ring "Gihier" {Wiz +Inv MR+ Str-2} (You found it on level 13 of the Dungeon)
 19873 | D:14     | Gained mutation: You expend magic power (3 MP) to strengthen your wands. [mutagenic meat]
 19991 | D:14     | Got a scorched rapier
 20033 | D:13     | Lost mutation: Your muscles are strong. (Str +2) [mutagenic meat]
 20035 | D:13     | Lost mutation: You are very robust. (+20% HP) [mutagenic meat]
 20206 | D:14     | Found a blossoming altar of Fedhas.
 20307 | D:14     | Learned a level 2 spell: Swiftness
 20334 | D:14     | Reached skill level 5 in Fighting
 20335 | D:14     | Lost mutation: Your magical capacity is low. (-10% MP) [mutagenic meat]
 20346 | D:14     | Found a gate to the Vaults.
 20746 | D:14     | Identified the Guide on Attacks
 20756 | D:14     | Identified the +6 rapier of Ruination {venom, rC+ Str+3} (You found it on level 14 of the Dungeon)
 21176 | D:15     | Entered Level 15 of the Dungeon
 21375 | Orc:1    | Entered Level 1 of the Orcish Mines
 21510 | Orc:2    | Entered Level 2 of the Orcish Mines
 21510 | Orc:2    | Noticed Erolcha
 21540 | Orc:2    | Killed Erolcha
 21744 | Orc:1    | HP: 3/110 [orc/trident (11)]
 21750 | Orc:1    | HP: 2/110 [poisoned by an orc wizard]
 22036 | Orc:2    | Noticed Azrael
 22051 | Orc:2    | Killed Azrael
 22051 | Orc:2    | Reached XP level 15. HP: 93/115 MP: 16/25
 22195 | Orc:1    | Found a roughly hewn altar of Beogh.
 22345 | Orc:2    | Found Suuroed's Armour Shop.
 22630 | Orc:2    | Reached skill level 16 in Unarmed Combat
 22780 | Orc:2    | Found a staircase to the Elven Halls.
 22836 | Orc:2    | Noticed an orc warlord
 22866 | Orc:2    | Demolished by an orc warlord

Vault maps used:
D:1:      roderic_crossed_star, minmay_tetromino_s2
D:2:      uniq_natasha
D:3:      amethyst_overflow_temple_binary, okawaru_altar_gauntlet_db
D:4:      old_standard_altar, nemelex_xobeh_ov_fountains_minmay,
          minmay_misc_feat_room, uniq_eustachio
D:5:      kennysheep_windowed_halls, lemuel_round_altar, serial_shops,
          nicolae_shop_trees, first_bread
D:6:      minmay_temple_entry_hall, serial_shops, shop, uniq_edmund
D:7:      led_sif_pool, xom_shifter_show
D:8:      kennysheep_little_box, lair_entry_dummy, hangedman_pestilent_swarm,
          minmay_statues_item, minmay_curled_crystal, kennysheep_generic_room_15
D:9:      serial_bayou_pond_e, uniq_grum
D:10:     minmay_the_grid_four_pointed_star, minmay_orc_entry_temple_small,
          serial_shops, nicolae_shop_temple_entry_statues_fountains,
          fedhas_altar_1
D:14:     cheibrodos_hippocracy, lightli_vaults_fourway_checkpoint,
          hangedman_tree_tricks
D:15:     grunt_enter_depths_magical_seal
Temple:   nicolae_temple_no_exploring_needed
Lair:1:   hangedman_lair_unloving_vines, beast_lair_carwin_9
Lair:2:   elwin_shoals_entry_rocks, dummy_snake_entry,
          grunt_forest_stairs_basic, small_statue_intersection,
          minmay_lair_oklob_chamber, serial_bayou_shore_b
Lair:3:   uniq_gastronok, uniq_nergalle
Lair:5:   lab_entry_generic, grunt_megastairs_5, lemuel_fruit_fields
Lair:6:   minmay_lair_end_enchanted_forest, minmay_slime_entry_jelly_boxes,
          infiniplex_staircase_pool, lemuel_fruit_fields
Orc:1:    minmay_orc_temple_c
Orc:2:    grunt_orc_cross, serial_shops, shop, lemuel_statue_altar,
          uniq_erolcha, uniq_azrael
Lab:      nicolae_lab_big_swirl, lab_block, nicolae_lab_lava,
          labyrinth_skeletal_remains, lab_fountain, nicolae_lab_flowing_pool

Skill      XL: |  1  2  3  4  5  6  7  8  9 10 11 12 13 14 15 |
---------------+----------------------------------------------+-----
Long Blades    | 3 |  3.5
Dodging        | 3 4 5 6 7 8 10 11 12 | 12.3
Unarmed Combat | 1 2 3 5 6 8 10 11 13 14 15 16 | 16.1
Invocations    | 4 7 10 11 12 13 | 13.8
Charms         | 5 7 9 |  9.0
Fighting       | 3 6 |  6.7
Throwing       | |  1.7

Action                   |  1- 3 |  4- 6 |  7- 9 | 10-12 | 13-15 || total
-------------------------+-------+-------+-------+-------+-------++-------
Melee: Long sword        |    83 |   131 |   171 |       |       ||   385
       Headbutt          |       |    41 |    75 |   125 |   189 ||   430
       Punch             |       |     4 |    13 |    42 |    72 ||   131
       Kick              |       |       |   120 |   205 |   361 ||   686
       Unarmed           |       |       |   130 |   634 |  1074 ||  1838
       Falchion          |       |       |       |     3 |       ||     3
Throw: Throwing net      |       |     1 |     2 |     1 |     1 ||     5
 Cast: Regeneration      |       |       |       |     1 |    42 ||    43
       Song of Slaying   |       |       |       |       |    12 ||    12
Invok: Lesser Servant of |       |       |       |    13 |     7 ||    20
       Major Destruction |       |       |       |     4 |       ||     4
       Greater Servant o |       |       |       |       |     1 ||     1
Evoke: Wand              |       |       |       |       |    10 ||    10
  Use: Scroll            |       |    17 |     5 |    13 |    14 ||    49
       Potion            |       |     1 |       |       |     4 ||     5
 Stab: Sleeping          |     5 |     3 |     1 |     5 |    11 ||    25
       Distracted        |       |       |     1 |     3 |     6 ||    10
  Eat: Chunk             |     1 |     5 |    18 |    43 |    31 ||    98
       Royal jelly       |       |       |     1 |       |     4 ||     5
       Fruit             |       |       |       |     2 |    14 ||    16
Armor: Ring mail         |    48 |    81 |    97 |   116 |   269 ||   611
       Leather armour    |     2 |       |       |       |       ||     2
Dodge: Dodged            |    66 |   109 |   185 |   307 |   777 ||  1444
       Rpst.: Long sword |    25 |    33 |    47 |       |       ||   105

Table legend:
 A = Spawn XP
 B = Non-spawn XP
 C = Spawn XP percentage of total XP
 D = Spawn monster count
 E = Non-spawn monster count
 F = Spawn count percentage of total count
 G = Total turns spent on level
                    A         B        C        D         E        F      G
               +---------+---------+-------+---------+---------+-------+---------
         Total |       0 |  118399 |   0.0 |       0 |     771 |   0.0 | 22866
               +---------+---------+-------+---------+---------+-------+---------
           D:1 |       0 |      29 |   0.0 |       0 |      16 |   0.0 |   476
           D:2 |       0 |      73 |   0.0 |       0 |      17 |   0.0 |  1075
           D:3 |       0 |      96 |   0.0 |       0 |      20 |   0.0 |   996
           D:4 |       0 |     795 |   0.0 |       0 |      31 |   0.0 |   848
           D:5 |       0 |    1507 |   0.0 |       0 |      31 |   0.0 |  1408
           D:6 |       0 |     797 |   0.0 |       0 |      15 |   0.0 |   790
           D:7 |       0 |    1662 |   0.0 |       0 |      43 |   0.0 |  1336
           D:8 |       0 |    2117 |   0.0 |       0 |      46 |   0.0 |  1046
           D:9 |       0 |    2498 |   0.0 |       0 |      33 |   0.0 |   827
          D:10 |       0 |    8638 |   0.0 |       0 |      50 |   0.0 |  1905
          D:11 |       0 |    2930 |   0.0 |       0 |      24 |   0.0 |   659
          D:12 |       0 |    5756 |   0.0 |       0 |      44 |   0.0 |   788
          D:13 |       0 |    8774 |   0.0 |       0 |      37 |   0.0 |   938
          D:14 |       0 |   17948 |   0.0 |       0 |      68 |   0.0 |  1214
          D:15 |       0 |    2112 |   0.0 |       0 |       5 |   0.0 |    53
        Lair:1 |       0 |    3481 |   0.0 |       0 |      15 |   0.0 |  1252
        Lair:2 |       0 |    2427 |   0.0 |       0 |      12 |   0.0 |   880
        Lair:3 |       0 |    4481 |   0.0 |       0 |      13 |   0.0 |  1117
        Lair:4 |       0 |    4681 |   0.0 |       0 |      19 |   0.0 |   998
        Lair:5 |       0 |    5193 |   0.0 |       0 |      17 |   0.0 |   928
        Lair:6 |       0 |   19883 |   0.0 |       0 |      95 |   0.0 |  1565
         Orc:1 |       0 |    4242 |   0.0 |       0 |      40 |   0.0 |   711
         Orc:2 |       0 |   16015 |   0.0 |       0 |      73 |   0.0 |   780
           Lab |       0 |    2264 |   0.0 |       0 |       7 |   0.0 |   261
               +---------+---------+-------+---------+---------+-------+---------
